 Dungeon Crawl Stone Soup version 0.21.1-1-g345015f (webtiles) character file.

3260 suicidejoker the Covert (level 10, -8/66 HPs)
             Began as an Octopode Hunter on May 3, 2018.
             Was an Initiate of Gozag.
             Mangled by a two-headed ogre
             ... wielding a +0 giant club
              (17 damage)
             ... on level 8 of the Dungeon.
             The game lasted 00:17:08 (8608 turns).

suicidejoker the Covert (Octopode Hunter)           Turns: 8608, Time: 00:17:09

Health: -8/66      AC:  1    Str: 14    XL:     10   Next: 0%
Magic:  13/13      EV: 16    Int: 13    God:    Gozag
Gold:   75         SH:  0    Dex: 14    Spells: 9/9 levels left

rFire    . . .     SeeInvis .   b - +0 short sword
rCold    . . .     Gourm    .   (no shield)
rNeg     . . .     Faith    .   (helmet restricted)
rPois    .         Spirit   .   g - amulet of inaccuracy (curse)
rElec    .         Reflect  .   (no ring)
rCorr    .         Harm     .   (no ring)
MR       .....                  (no ring)
Stlth    ++++++....             (no ring)
HPRegen  0.21/turn              (no ring)
MPRegen  0.13/turn              (no ring)
                                (no ring)
                                (no ring)

@: no status effects
A: almost no armour, stealthy swim, amphibious, 8 rings, constrict 8, camouflage
1, gelatinous body 1
a: Potion Petition, Call Merchant, Bribe Branch, Renounce Religion


You were on level 8 of the Dungeon.
You worshipped Gozag.
Gozag was noncommittal.
You were not hungry.

You visited 2 branches of the dungeon, and saw 9 of its levels.
You also visited: Sewer.

You collected 947 gold pieces.
You spent 65 gold pieces at shops.
You paid 807 gold pieces to Gozag.

Inventory:

Hand Weapons
 a - a +3 hand crossbow
 b - a +0 short sword (weapon)
 d - a +3 morningstar
 q - a +0 flail of holy wrath
 w - a cursed -3 flail
 y - a +0 shortbow of velocity
 B - a cursed +3 short sword
 C - a +5 great sword
 D - a +4 short sword of freezing
Missiles
 c - 35 bolts
 f - 153 arrows
 j - 105 stones (quivered)
 n - 16 sling bullets
 F - 2 needles of sleeping
Jewellery
 g - a cursed amulet of inaccuracy (around mantle)
Wands
 m - a wand of digging (10)
 r - a wand of disintegration (4)
 u - a wand of polymorph (14)
Scrolls
 h - 5 scrolls of identify
 i - 8 scrolls of teleportation
 o - 4 scrolls of immolation
 p - 2 scrolls of magic mapping
 s - a scroll of fog
 x - 2 scrolls of amnesia
 A - a scroll of remove curse {unknown}
 E - a scroll of random uselessness {unknown}
Potions
 e - 2 potions of invisibility
 k - a potion of flight
 l - 3 potions of brilliance
 z - a potion of haste {unknown}


   Skills:
 + Level 5.1 Fighting
 * Level 8.0 Crossbows
 + Level 5.0 Dodging
 + Level 11.9 Stealth
 + Level 4.9 Evocations


You had 9 spell levels left.
You didn't know any spells.

Dungeon Overview and Level Annotations

Branches:
Dungeon (8/15)             Temple (1/1) D:4
   Lair: D:8-11

Altars:
Cheibriados
Dithmenos
Elyvilon
Fedhas
Gozag
Hepliaklqana
Kikubaaqudgha
Makhleb
Nemelex Xobeh
Okawaru
Qazlal
Ru
Sif Muna
Uskayaw
Vehumet
Wu Jian
Xom
Zin

Shops:
D:7 %


Innate Abilities, Weirdness & Mutations

You cannot wear most types of armour.
You are very stealthy in the water. (Stealth+)
You are amphibious.
You can wear up to eight rings at the same time.
You can use your tentacles to constrict eight enemies at once.
Your skin changes colour to match your surroundings (Stealth+).
Your rubbery body absorbs attacks. (AC +1, EV +1)


Message History

The two-headed ogre struggles to resist.
The two-headed ogre barely misses you.
The two-headed ogre completely misses you.
You hit the two-headed ogre but do no damage.
You squeeze the two-headed ogre!
The two-headed ogre is severely wounded.
You closely miss the two-headed ogre. You squeeze the two-headed ogre.
The two-headed ogre is almost dead.
The two-headed ogre hits you with a giant club!!
The two-headed ogre hits you with a giant club!
You hit the two-headed ogre but do no damage.
The two-headed ogre is almost dead.
The two-headed ogre barely misses you. x2
You hit the two-headed ogre.
The two-headed ogre is almost dead.
The two-headed ogre hits you with a giant club!!
* * * LOW HITPOINT WARNING * * *
The two-headed ogre hits you with a giant club!
You die...
Your body crumbles into a pile of gold.

.. #..<..#### $..
#.......<. #.#
#.....###) #.#
##...## #. #.#
###..####. #.#
#........)
#.#######.....###.
#.(...........# #.
#@#######.....# #.
......O.# #.....#
#. ####.####
####### #. # #. ##
# #


You could see a two-headed ogre.

Vanquished Creatures
  Pikel (D:5)
  Maurice (D:8)
  A hippogriff (D:8)
  Sigmund (D:5)
  A hungry ghost (D:6)
  Edmund (D:5)
  A phantom (D:7)
  A sky beast (D:5)
  A slave (D:5)
  3 ogres
  4 centaurs
  2 bullfrogs
  3 scorpions
  4 wights (D:7)
  A howler monkey (D:7)
  A crimson imp (D:6)
  A bullfrog zombie (D:5)
  A centaur zombie (D:7)
  2 hounds
  A jelly (D:7)
  An orc wizard (D:5)
  A gnoll shaman (D:5)
  Ijyb (D:3)
  4 worker ants
  A howler monkey zombie (D:5)
  A worker ant zombie (D:5)
  3 gnolls (D:5)
  A howler monkey skeleton (D:5)
  9 adders
  A shadow imp (D:5)
  5 oozes
  2 adder skeletons
  6 worms
  A dart slug (D:1)
  7 leopard geckos
  12 orcs
  12 bats
  9 giant cockroaches
  10 goblins
  4 hobgoblins
  7 jackals
  4 kobolds (D:2)
  5 quokkas
  5 ball pythons
  8 frilled lizards
  A leopard gecko skeleton (D:5)
  A quokka skeleton (D:6)
  5 rats
159 creatures vanquished.

Notes
Turn   | Place    | Note
-------+----------+-------------------------------------------
     0 | D:1      | suicidejoker the Octopode Hunter began the quest for the Orb.
     0 | D:1      | Reached XP level 1. HP: 14/14 MP: 1/1
    83 | D:1      | Reached skill level 2 in Stealth
    88 | D:1      | Reached XP level 2. HP: 19/19 MP: 2/2
    92 | D:1      | Reached skill level 3 in Stealth
   732 | D:2      | Reached skill level 4 in Stealth
   734 | D:2      | Reached XP level 3. HP: 24/24 MP: 3/3
   818 | D:2      | Reached skill level 5 in Stealth
   918 | D:2      | Reached XP level 4. HP: 29/29 MP: 4/4
  1192 | D:2      | Reached skill level 6 in Stealth
  1833 | D:3      | Found a glowing drain.
  1838 | Sewer    | Entered a sewer
  1839 | Sewer    | Reached XP level 5. HP: 34/34 MP: 5/5
  2121 | Sewer    | Reached skill level 7 in Stealth
  2933 | D:3      | Noticed Ijyb
  2948 | D:3      | Killed Ijyb
  2948 | D:3      | Reached skill level 8 in Stealth
  3029 | D:3      | Reached XP level 6. HP: 28/39 MP: 6/6
  3810 | D:4      | Found a staircase to the Ecumenical Temple.
  3827 | Temple   | Entered the Ecumenical Temple
  3856 | Temple   | Became a worshipper of Gozag Ym Sagoz the Greedy
  3991 | D:4      | Reached skill level 9 in Stealth
  4403 | D:4      | Reached skill level 10 in Stealth
  4403 | D:4      | Reached XP level 7. HP: 30/45 MP: 7/7
  4642 | D:5      | Entered Level 5 of the Dungeon
  4988 | D:5      | Reached skill level 1 in Evocations
  5437 | D:5      | Noticed Edmund
  5446 | D:5      | Killed Edmund
  5446 | D:5      | Reached skill level 5 in Crossbows
  5446 | D:5      | Reached XP level 8. HP: 30/52 MP: 9/9
  5603 | D:5      | Noticed Sigmund
  5608 | D:5      | Killed Sigmund
  5884 | D:5      | Noticed Pikel
  5891 | D:5      | Killed Pikel
  5891 | D:5      | Reached skill level 11 in Stealth
  6075 | D:6      | Reached XP level 9. HP: 43/58 MP: 11/11
  7316 | D:7      | Found an iron altar of Okawaru.
  8161 | D:7      | Bought a ration for 65 gold pieces
  8194 | D:8      | Noticed Maurice
  8205 | D:8      | Killed Maurice
  8205 | D:8      | Reached skill level 5 in Fighting
  8231 | D:8      | HP: 4/91 [hippogriff (4)]
  8268 | D:8      | Reached skill level 5 in Dodging
  8268 | D:8      | Reached XP level 10. HP: 10/66 MP: 13/13
  8598 | D:8      | Noticed a two-headed ogre
  8608 | D:8      | Mangled by a two-headed ogre

Skill      XL: |  1  2  3  4  5  6  7  8  9 |
---------------+----------------------------+-----
Stealth        | 2 4 5 6 8 10 11 | 11.9
Evocations     | 2 3 4 |  4.9
Fighting       | 3 5 |  5.1
Crossbows      | 5 6 8 |  8.0
Dodging        | 3 5 |  5.0

Action                   |  1- 3 |  4- 6 |  7- 9 | 10-12 || total
-------------------------+-------+-------+-------+-------++-------
Melee: Short sword       |       |    83 |   121 |     5 ||   209
       Constrict         |       |    11 |    14 |       ||    25
       Tentacles         |       |    17 |    16 |     2 ||    35
       Unarmed           |       |       |    13 |       ||    13
 Fire: Hand crossbow     |    55 |   114 |   154 |       ||   323
Invok: Potion Petition   |       |       |     1 |       ||     1
       Call Merchant     |       |       |     1 |       ||     1
Evoke: Wand              |       |     1 |    12 |     2 ||    15
  Use: Scroll            |       |    12 |     5 |       ||    17
       Potion            |       |     6 |     6 |       ||    12
 Stab: Sleeping          |       |     2 |       |     1 ||     3
       Distracted        |       |       |     1 |       ||     1
  Eat: Chunk             |       |     3 |       |       ||     3
       Ration            |       |     2 |     5 |     1 ||     8
Armor: Skin              |     1 |     7 |    39 |       ||    47
Dodge: Dodged            |     6 |    93 |    96 |     8 ||   203
